 Dungeon Crawl Stone Soup version 0.19-a0-892-g8a19e52 (webtiles) character file.

12718 Moloch the Cleaver (level 11, -7/91 HPs)
             Began as a Demonspawn Fighter on July 4, 2016.
             Was a High Priest of Okawaru.
             Mangled by Snorg (17 damage)
             ... on level 11 of the Dungeon.
             The game lasted 00:28:13 (11971 turns).

Moloch the Cleaver (Demonspawn Fighter)            Turns: 11971, Time: 00:28:14

Health: -7/91      AC: 18    Str: 20    XL:     11   Next: 66%
Magic:  1/9        EV:  4    Int:  9    God:    Okawaru [*****.]
Gold:   781        SH:  9    Dex: 15    Spells: 0 memorised, 10 levels left

rFire  . . .     SeeInvis .     g - +6 flail "Badesa" {freeze, rC++ Stlth-}
rCold  + + .     Gourm    .     b - +3 plate armour
rNeg   . . .     Faith    .     c - +0 shield
rPois  .         Spirit   .     (helmet restricted)
rElec  .         Dismiss  .     e - +2 cloak
rCorr  .         Reflect  .     t - +0 pair of gloves
SustAt .         Harm     .     (no boots)
MR     +....     Clarity  +     h - amulet of regeneration
Stlth  ..........               H - ring of protection from magic
                                o - +1 ring of evasion

@: somewhat resistant to hostile enchantments, extremely unstealthy
A: antennae 2, berserk 1, clarity, low mp 1, nightstalker 2, powered by death 1,
strong 1
a: Heroism, Finesse, Renounce Religion


You were on level 11 of the Dungeon.
You worshipped Okawaru.
Okawaru was extremely pleased with you.
You were not hungry.

You visited 2 branches of the dungeon, and saw 12 of its levels.

You collected 781 gold pieces.

Inventory:

Hand Weapons
 a - a +1 war axe
 g - the +6 flail "Badesa" (weapon) {freeze, rC++ Stlth-}
   (You found it on level 10 of the Dungeon)

   It has been specially enchanted to freeze those struck by it, causing extra
   injury to most foes and up to half again as much damage against particularly
   susceptible opponents.
   It can also slow down cold-blooded creatures.
   It greatly protects you from cold.
   It makes you less stealthy.
Armour
 b - a +3 plate armour (worn)
 c - a +0 shield (worn)
 e - a +2 cloak (worn)
 t - a +0 pair of gloves (worn)
Jewellery
 h - an amulet of regeneration (around neck)
 n - an uncursed ring of sustain attributes
 o - a +1 ring of evasion (left hand)
 r - an uncursed amulet of rage
 s - an uncursed ring of flight
 H - a ring of protection from magic (right hand)
Wands
 u - a wand of random effects (14/48)
 D - a wand of flame (39/48)
 E - a wand of paralysis (8/24)
Scrolls
 i - a scroll of acquirement {unknown}
 l - a scroll of enchant armour
 y - a scroll of identify
 B - 2 scrolls of recharging {unknown}
 C - 2 scrolls of fog {unknown}
 F - a scroll of fear {unknown}
Potions
 d - 3 potions of might
 j - a potion of beneficial mutation
 k - 4 potions of curing
 m - a potion of resistance
 q - 2 potions of agility
 z - a potion of haste
 A - a potion of cancellation
 G - a potion of berserk rage {unknown}
 I - a potion of cure mutation {unknown}
Comestibles
 f - 10 bread rations
 p - a beef jerky
 v - 16 chunks of flesh
 w - 3 meat rations


   Skills:
 - Level 10.3 Fighting
   Level 5.7 Long Blades
 + Level 13.2 Axes
 - Level 2.6 Armour
 - Level 2.6 Shields


You had 10 spell levels left.
You didn't know any spells.

Dungeon Overview and Level Annotations

Branches:
Dungeon (11/15)            Temple (1/1) D:7            Lair (0/6) D:10
    Orc (0/2) D:11

Altars:
Ashenzari
Cheibriados
Dithmenos
Elyvilon
Fedhas
Gozag
Hepliaklqana
Kikubaaqudgha
Makhleb
Nemelex Xobeh
Okawaru
Pakellas
Qazlal
Ru
Sif Muna
Trog
Uskayaw
Vehumet
Xom
Yredelemnul
Zin
The Shining One

Annotations:
D:6 exclusion: oklob plant
D:11 Snorg


Innate Abilities, Weirdness & Mutations

You have a pair of antennae on your head.
You are significantly more attuned to the shadows.
You regenerate a little health from kills.
You tend to lose your temper in combat.
You possess an exceptional clarity of mind.
Your magical capacity is low. (-10% MP)
Your muscles are strong. (Str +2)


Message History

You block Snorg's attack. Snorg claws you! Snorg bites you but does no damage.
Snorg claws you but does no damage. Snorg claws you.
You hit Snorg. You freeze Snorg.
Snorg is lightly wounded.
Snorg bites you. Snorg claws you but does no damage. You block Snorg's attack.
Snorg bites you!
* * * LOW HITPOINT WARNING * * *
Snorg claws you.
* * * LOW HITPOINT WARNING * * *
Snorg claws you!
* * * LOW HITPOINT WARNING * * *
Okay, then.
You feel much better. You block Snorg's attack. Snorg claws you!
* * * LOW HITPOINT WARNING * * *
Snorg claws you but does no damage.
You feel much better. Snorg bites you!
* * * LOW HITPOINT WARNING * * *
Snorg claws you but does no damage. You block Snorg's attack.
Snorg bites you but does no damage. Snorg claws you!
You die...

#..###.....#.##
# {
#..###<...#.##
#..##....####
#..#.#...#
#...###.## .
#...# #.# ..
#.#.## ##.#
#.##.###.#.. #.
##)@T...#
######.. {


You could see Snorg (berserk).

Vanquished Creatures
  A hydra (D:11)
  Erica (D:9)
  Pikel (D:4)
  The ghost of Moloch the Cleaver, a novice DsFi (D:6)
  2 centaur zombies
  Joseph (D:9)
  A centaur skeleton (D:11)
  A gargoyle (D:10)
  A troll (D:10)
  A polar bear (D:10)
  A two-headed ogre (D:9)
  A spriggan (D:7)
  10 yaks (D:10)
  A hippogriff (D:11)
  2 hungry ghosts
  Grum (D:11)
  A mottled dragon (D:11)
  A water moccasin (D:10)
  2 slaves (D:4)
  3 sky beasts
  8 ice beasts
  4 orc warriors
  4 wolves
  An eye of draining (D:11)
  A necrophage (D:9)
  6 centaurs
  4 ogres
  2 big kobolds
  5 giant frogs
  2 gnoll sergeants
  3 scorpions
  4 killer bees (D:10)
  5 wights (D:9)
  3 howler monkeys (D:7)
  4 crimson imps
  3 hounds
  A wyvern simulacrum (D:10)
  4 jellies
  15 orc wizards
  12 orc priests
  A gnoll shaman (D:6)
  Ijyb (D:3)
  5 iguanas
  4 worker ants
  2 centaur simulacra (D:10)
  A giant frog simulacrum (D:10)
  2 hound zombies
  Robin (D:4)
  A howler monkey zombie (D:8)
  5 adders
  17 gnolls
  A howler monkey skeleton (D:7)
  5 shadow imps
  4 white imps (D:10)
  A worker ant simulacrum (D:10)
  An ufetubus (D:10)
  2 oozes
  An adder zombie (D:5)
  2 adder skeletons (D:9)
  4 worms
  A dart slug (D:1)
  3 giant geckos
  50 orcs
  7 bats
  4 giant cockroaches
  12 goblins
  6 hobgoblins
  18 jackals
  14 kobolds
  3 quokkas
  A ball python (D:1)
  7 giant newts
  A jackal skeleton (D:5)
  10 rats
  2 bushes (D:5)
325 creatures vanquished.

Vanquished Creatures (others)
  A wolf spider (D:2)
  A goblin (D:4)
  44 fungi (D:10)
  9 plants (D:10)
55 creatures vanquished.

Grand Total: 380 creatures vanquished

Notes
Turn   | Place    | Note
-------+----------+-------------------------------------------
     0 | D:1      | Moloch the Demonspawn Fighter began the quest for the Orb.
     0 | D:1      | Reached XP level 1. HP: 18/18 MP: 1/1
   101 | D:1      | Gained mutation: You are slightly more attuned to the shadows. [demonic ancestry]
   101 | D:1      | Reached XP level 2. HP: 6/24 MP: 2/2
   734 | D:1      | Reached XP level 3. HP: 29/30 MP: 3/3
  1800 | D:2      | Found an opulent altar of Gozag.
  1800 | D:2      | Found a radiant altar of Vehumet.
  1901 | D:2      | Found an oddly glowing altar of Pakellas.
  1901 | D:2      | Noticed a wolf spider
  1914 | D:2      | Killed a wolf spider
  2066 | D:3      | Noticed Ijyb
  2092 | D:3      | Killed Ijyb
  2092 | D:3      | Reached skill level 5 in Fighting
  2092 | D:3      | Gained mutation: You have a pair of small antennae on your head. [demonic ancestry]
  2092 | D:3      | Reached XP level 4. HP: 37/39 MP: 4/4
  2238 | D:3      | Found a sacrificial altar of Ru.
  2767 | D:4      | Noticed a slave
  2801 | D:4      | Killed a slave
  2940 | D:4      | Noticed a slave
  2976 | D:4      | Killed a slave
  3016 | D:4      | Noticed Pikel
  3089 | D:4      | Noticed a slave
  3089 | D:4      | Killed Pikel
  3089 | D:4      | Reached XP level 5. HP: 49/49 MP: 5/5
  3089 | D:4      | Gained mutation: You have a pair of antennae on your head. [demonic ancestry]
  3089 | D:4      | Reached XP level 6. HP: 56/56 MP: 6/6
  3089 | D:4      | Reached XP level 7. HP: 62/62 MP: 7/7
  3154 | D:4      | You fall through a shaft for 3 floors!
  3474 | D:7      | Noticed a hungry ghost
  3522 | D:6      | Killed a hungry ghost
  3597 | D:5      | Entered Level 5 of the Dungeon
  3753 | D:5      | HP: 3/64 [orc wizard/dagger (4)]
  3768 | D:5      | Reached XP level 8. HP: 25/72 MP: 8/8
  3850 | D:4      | Found a shadowy altar of Dithmenos.
  3874 | D:4      | Reached skill level 10 in Fighting
  3973 | D:4      | Noticed Robin
  3977 | D:4      | Killed Robin
  4642 | D:5      | Reached skill level 1 in Long Blades
  4824 | D:5      | Got a fabulously ornate robe
  4835 | D:5      | Identified the +2 robe "Poywa" {rC+ Str+3} (You found it on level 5 of the Dungeon)
  5619 | D:6      | Found a shattered altar of Ashenzari.
  5653 | D:6      | Found a sparkling altar of Nemelex Xobeh.
  5668 | D:6      | Noticed Moloch's ghost (novice DsFi)
  5779 | D:6      | Killed Moloch's ghost
  5779 | D:6      | Reached skill level 5 in Long Blades
  5941 | D:6      | Found a shattered altar of Ashenzari.
  5941 | D:6      | Noticed an oklob plant
  6220 | D:6      | Gained mutation: You regenerate a little health from kills. [demonic ancestry]
  6220 | D:6      | Reached XP level 9. HP: 73/78 MP: 9/9
  6467 | D:6      | Reached skill level 2 in Axes
  6489 | D:6      | Reached skill level 3 in Axes
  6666 | D:7      | Reached skill level 4 in Axes
  6832 | D:7      | Reached skill level 5 in Axes
  7030 | D:7      | Found a staircase to the Ecumenical Temple.
  7038 | Temple   | Entered the Ecumenical Temple
  7077 | Temple   | Became a worshipper of Warmaster Okawaru
  7138 | D:7      | Found a deep blue altar of Sif Muna.
  7138 | D:7      | Found a hazy altar of Hepliaklqana.
  7142 | D:7      | Reached skill level 6 in Axes
  7155 | D:7      | Found a glowing silver altar of Zin.
  7917 | D:8      | Reached skill level 7 in Axes
  7931 | D:8      | Reached * piety under Okawaru
  8189 | D:9      | Reached XP level 10. HP: 76/85 MP: 10/10
  8294 | D:9      | Found a shimmering altar of Xom.
  8345 | D:9      | Noticed Joseph
  8376 | D:9      | Killed Joseph
  8376 | D:9      | Reached skill level 8 in Axes
  8912 | D:9      | Reached skill level 9 in Axes
  9169 | D:9      | Reached ** piety under Okawaru
  9216 | D:9      | Noticed Erica
  9233 | D:9      | Killed Erica
  9314 | D:9      | Reached skill level 10 in Axes
  9620 | D:10     | Entered Level 10 of the Dungeon
  9665 | D:10     | Got a shimmering flail
  9666 | D:10     | Identified the +6 flail "Badesa" {freeze, rC++ Stlth-} (You found it on level 10 of the Dungeon)
  9964 | D:10     | Reached *** piety under Okawaru
 10080 | D:10     | Reached skill level 11 in Axes
 10141 | D:10     | Noticed a gargoyle
 10150 | D:10     | Killed a gargoyle
 10157 | D:10     | Gained mutation: You are significantly more attuned to the shadows. [demonic ancestry]
 10157 | D:10     | Reached XP level 11. HP: 90/90 MP: 9/11
 10658 | D:10     | Found a glowing silver altar of Zin.
 10900 | D:10     | Gained mutation: You tend to lose your temper in combat. [mutagenic meat]
 10903 | D:10     | Gained mutation: Your muscles are strong. (Str +2) [mutagenic meat]
 10906 | D:10     | Gained mutation: You possess an exceptional clarity of mind. [mutagenic meat]
 10909 | D:10     | Gained mutation: Your magical capacity is low. (-10% MP) [mutagenic meat]
 11119 | D:10     | Found a staircase to the Lair.
 11266 | D:10     | Reached skill level 12 in Axes
 11274 | D:10     | Reached **** piety under Okawaru
 11626 | D:11     | Noticed a five-headed hydra
 11639 | D:11     | Killed a five-headed hydra
 11668 | D:11     | Noticed a skeletal warrior
 11742 | D:11     | Reached skill level 13 in Axes
 11846 | D:11     | Noticed Grum
 11860 | D:11     | Killed Grum
 11902 | D:11     | Found a staircase to the Orcish Mines.
 11905 | D:11     | Reached ***** piety under Okawaru
 11963 | D:11     | Noticed Snorg
 11969 | D:11     | HP: 2/90 [Snorg (9)]
 11971 | D:11     | Mangled by Snorg

Vault maps used:
D:1:      dpeg_arrival_circle_labyrinth_c, grunt_decor_arrowhead
D:2:      gammafunk_temple_overflow_wave, first_bread,
          gammafunk_pakellas_its_alive
D:3:      lemuel_round_altar, uniq_iyjb
D:4:      grunt_dithmenos_smoke, serial_bayou_lagoon_a, uniq_pikel, uniq_robin
D:5:      minmay_hedge_maze
D:6:      nicolae_ashenzari_panopticon, basic_altar, lemuel_oklob_altar
D:7:      grunt_temple_overflow_diamond, the_bakery
D:8:      hangedman_abyss_or_decor_clamps
D:9:      basic_altar, uniq_joseph, uniq_erica
D:10:     due_lair_maze_entry_diamond, basic_altar, serial_ice, serial_ice_j,
          serial_ice_c, serial_ice_e, serial_ice_a, serial_ice_g, serial_ice_d,
          serial_ice_n, serial_ice_h
D:11:     hiddenorc1_lemuel, uniq_urug, uniq_snorg, uniq_grum
Temple:   cyrus_circular_temple

Skill      XL: |  1  2  3  4  5  6  7  8  9 10 11 |
---------------+----------------------------------+-----
Fighting       | 4 5 8 9 10 | 10.3
Long Blades    | 5 |  5.7
Axes           | 7 11 13 | 13.2
Armour         | |  2.6
Shields        | |  2.6

Action                   |  1- 3 |  4- 6 |  7- 9 | 10-12 || total
-------------------------+-------+-------+-------+-------++-------
Melee: War axe           |   158 |    82 |   384 |   130 ||   754
       Dagger            |       |       |   316 |       ||   316
       Flail             |       |       |       |   301 ||   301
Invok: Heroism           |       |       |       |    12 ||    12
 Abil: Evoke Berserk Rag |       |       |     2 |     6 ||     8
Evoke: Wand              |       |     4 |       |     2 ||     6
  Use: Scroll            |       |    12 |     7 |     2 ||    21
       Potion            |       |       |     8 |     3 ||    11
 Stab: Invisible         |       |       |       |     2 ||     2
  Eat: Chunk             |     4 |     3 |    21 |    19 ||    47
       Pizza             |       |       |     2 |       ||     2
       Bread ration      |       |       |     1 |     1 ||     2
       Royal jelly       |       |       |     1 |       ||     1
       Beef jerky        |       |       |       |     1 ||     1
Armor: Scale mail        |    79 |       |       |       ||    79
       Plate armour      |    33 |    62 |   433 |   265 ||   793
       Skin              |       |       |    64 |       ||    64
Dodge: Dodged            |    48 |     7 |    76 |    76 ||   207
Block: Shield            |    78 |    29 |   309 |   211 ||   627
